 Dungeon Crawl Stone Soup version 0.28-a0-224-g76b539d98b (webtiles) character file.

Game seed: 5565004302518490262

257 Arne the Gusty (level 6, -2/34 HPs)
             Began as a Tengu Air Elementalist on Aug 21, 2021.
             Slain by a gnoll (6 damage)
             ... on level 4 of the Dungeon.
             The game lasted 00:26:47 (3245 turns).

Arne the Gusty (Tengu Air Elementalist)             Turns: 3245, Time: 00:26:48

Health: -2/34      AC:  3    Str:  9    XL:     6   Next: 16%
Magic:  0/11       EV: 12    Int: 15    God:
Gold:   117        SH: 13    Dex: 16    Spells: 9/10 levels left

rFire   . . .      SeeInvis .   d - +0 short sword
rCold   . . .      Faith    .   i - +0 kite shield
rNeg    . . .      Spirit   .   a - +0 robe
rPois   .          Reflect  +   (helmet restricted)
rElec   .          Harm     .   (no cloak)
rCorr   +          Rampage  .   q - +0 pair of gloves
Will    +....                   (boots unavailable)
Stlth   ++........              o - amulet of reflection
HPRegen 0.11/turn               f - ring of resist corrosion
MPRegen 0.12/turn               m - ring of willpower

@: flying quickly and evasively, very slightly contaminated, quick
A: beak, talons 3, nimble flight
a: no special abilities


You were on level 4 of the Dungeon.
You visited 1 branch of the dungeon, and saw 4 of its levels.

You collected 117 gold pieces.

Inventory:

Hand Weapons
 b - a +0 dagger
 d - a +0 short sword (weapon)
Armour
 a - a +0 robe (worn)
 i - a +0 kite shield (worn)
 q - a +0 pair of gloves (worn)
 r - +0 storm dragon scales
Jewellery
 f - a ring of resist corrosion (left hand)
 m - a ring of willpower (right hand)
 o - an amulet of reflection (around neck)
Wands
 l - a wand of polymorph (7)
Scrolls
 e - 3 scrolls of identify {unknown}
 h - 2 scrolls of noise {unknown}
 k - a scroll of immolation {unknown}
 p - a scroll of teleportation {unknown}
Potions
 c - 2 potions of heal wounds {unknown}
 j - a potion of haste {unknown}
 n - a potion of lignification {unknown}
 s - a potion of ambrosia {unknown}


   Skills:
 + Level 1.1 Fighting
 + Level 1.8 Short Blades
 * Level 3.3 Dodging
 + Level 3.1 Stealth
 + Level 1.3 Shields
 + Level 2.8 Spellcasting
 + Level 2.7 Conjurations
 + Level 5.1 Air Magic
 - Level 0.1 Evocations


You had 9 spell levels left.
You knew the following spells:

 Your Spells              Type           Power      Damage    Failure   Level
a - Shock                 Conj/Air       52%        1d6       24%         1

Your spell library contained the following spells:

 Spells                   Type           Power      Damage    Failure   Level
 Static Discharge         Conj/Air       13%        N/A       34%         2
 Swiftness                Air            17%        N/A       38%         3
 Airstrike                Air            8%         N/A       80%         4


Dungeon Overview and Level Annotations

Branches:
Dungeon (4/15)
 Temple: D:4-7

Altars:
Xom

Annotations:
D:4 2 runed translucent doors, TimeIsEndless's ghost, amateur VSFi


Innate Abilities, Weirdness & Mutations

You have a beak for a mouth.
You have claws for feet.
Your magical nature lets you fly swiftly and evasively.


Message History

The gnoll closely misses you. The gnoll hits you with a +0 whip.
Casting: Shock (safe; 24% risk of failure)
Confirm with . or Enter, or press ? or * to list all spells.
Aiming: Shock (safe; 24% risk of failure)
Press: ? - help, Shift-Dir - straight line, f/p - gnoll
Aim: a gnoll, wielding a +0 whip (heavily wounded, 72% to hit)
You miscast Shock.
Nothing appears to happen.
You block the gnoll's attack. The gnoll hits you with a +0 whip.
Casting: Shock (safe; 24% risk of failure)
Confirm with . or Enter, or press ? or * to list all spells.
Aiming: Shock (safe; 24% risk of failure)
Press: ? - help, Shift-Dir - straight line, f/p - gnoll
Aim: a gnoll, wielding a +0 whip (heavily wounded, 72% to hit)
The zap hits the gnoll.
The gnoll is severely wounded.
The zap hits the gnoll.
The gnoll is moderately wounded.
The zap hits the gnoll.
The gnoll is heavily wounded.
The gnoll misses you. The gnoll hits you with a +0 whip.
* * * LOW HITPOINT WARNING * * *
You hit the gnoll. You claw the gnoll.
You kill the gnoll!
You block the gnoll's attack. The gnoll closely misses you.
Casting: Shock (safe; 24% risk of failure)
Confirm with . or Enter, or press ? or * to list all spells.
Aiming: Shock (safe; 24% risk of failure)
Press: ? - help, Shift-Dir - straight line The zap hits the gnoll.
The gnoll is heavily wounded.
The zap hits the gnoll.
The gnoll is severely wounded.
The zap misses the gnoll.
You block the gnoll's attack. The gnoll hits you with a +0 spear.
* * * LOW HITPOINT WARNING * * *
Items here: ))))) [ ††.
You hit the gnoll.
The gnoll is severely wounded.
The gnoll hits you with a +0 spear.
You die...

...... #......)#
#.# ###...#
+.......# #.# #..#
#.......#######.###
..#
#.................#
#........######.#.#
#
###+####)###.##.#.#
.# #...g....##.#.#
.# #.##g#....#.#.#
#.##@#.#..#.#.#
#..#.#.####.#.#
##.#........#.#
.....#......#
#.#####.######
.######.## #.#
......... #.#
......... #.#
#........ #.# ##


You could see 2 gnolls.

Vanquished Creatures
  An ogre (D:4)
  An orc priest (D:4)
  3 gnolls
  4 adders
  A worm (D:3)
  A dart slug (D:4)
  4 orcs (D:4)
  5 bats
  3 endoplasms
  A giant cockroach (D:4)
  5 goblins
  4 hobgoblins
  5 jackals
  7 kobolds
  7 quokkas
  9 ball pythons
  A frilled lizard (D:2)
  8 rats
70 creatures vanquished.

Vanquished Creatures (others)
  A plant (D:2)
1 creature vanquished.

Grand Total: 71 creatures vanquished

Notes
Turn   | Place    | Note
-------+----------+-------------------------------------------
     0 | D:1      | Arne the Tengu Air Elementalist began the quest for the
                  | Orb.
     0 | D:1      | Reached XP level 1. HP: 10/10 MP: 4/4
   101 | D:1      | Reached XP level 2. HP: 7/15 MP: 0/6
   345 | D:1      | Reached XP level 3. HP: 17/19 MP: 1/7
  1348 | D:2      | Reached XP level 4. HP: 24/24 MP: 8/8
  1541 | D:2      | Found a faded altar of an unknown god.
  1642 | D:3      | Found a shimmering altar of Xom.
  1650 | D:3      | Found a shimmering altar of Xom.
  1651 | D:3      | Found a shimmering altar of Xom.
  2550 | D:4      | Noticed an ogre
  2571 | D:4      | Killed an ogre
  2572 | D:4      | Reached skill level 1 in Short Blades
  2572 | D:4      | Reached skill level 5 in Air Magic
  2572 | D:4      | Gained mutation: Your magical nature lets you fly swiftly
                  | and evasively. [Tengu growth]
  2572 | D:4      | Reached XP level 5. HP: 18/28 MP: 6/10
  2590 | D:4      | Found a runed translucent door.
  2596 | D:4      | Noticed TimeIsEndless's ghost (amateur VSFi)
  3151 | D:4      | Found a runed translucent door.
  3182 | D:4      | Reached skill level 1 in Shields
  3195 | D:4      | Reached skill level 1 in Fighting
  3195 | D:4      | Reached XP level 6. HP: 21/34 MP: 2/11
  3245 | D:4      | Slain by a gnoll

Illustrated notes

Levels and vault maps discovered:
D:1:      minmay_arrival_doors, layout_basic
D:2:      layout_basic, shapermc_ecumenical_altar_mp_urbaneastern,
          minmay_ruptured
D:3:      layout_basic, xom_redecorated
D:4:      layout_basic, ebering_ghost_sewer_f, uniq_ijyb

Skill      XL: |  1  2  3  4  5 |
---------------+----------------+-----
Conjurations   | 2 |  2.7
Short Blades   | 1 |  1.8
Dodging        | 3 |  3.3
Air Magic      | 5 |  5.1
Stealth        | 3 |  3.1
Shields        | 1 |  1.3
Fighting       | 1 |  1.1
Spellcasting   | |  2.8
Evocations     | |  0.1

Action                   |  1- 3 |  4- 6 || total
-------------------------+-------+-------++-------
Melee: Dagger            |     8 |       ||     8
       Peck              |     4 |    13 ||    17
       Kick              |     6 |    22 ||    28
       Short sword       |    42 |    85 ||   127
 Cast: Shock             |    37 |    32 ||    69
Evoke: Wand              |       |     2 ||     2
  Use: Potion            |     1 |     2 ||     3
 Stab: Sleeping          |     4 |     3 ||     7
Armor: Robe              |     5 |     7 ||    12
Dodge: Dodged            |    32 |    29 ||    61
Block: Kite shield       |    12 |    62 ||    74

Table legend: (Time is in decaauts)
 A = Elapsed time spent in this place.
 B = Non-inter-level travel time spent in this place.
 C = Inter-level travel time spent in this place.
 D = Time resting spent in this place.
 E = Time spent auto-exploring this place.
 F = Levels seen in this place.
 G = Mean time per level.
                   A        B        C        D        E       F      G
               +--------+--------+--------+--------+--------+-----+--------+
         Total |   3223 |   3223 |      0 |    163 |    107 |   4 |  805.8 |
       Dungeon |   3223 |   3223 |      0 |    163 |    107 |   4 |  805.8 |
               +--------+--------+--------+--------+--------+-----+--------+

Top non-repeatable levels by time:
     D:4: 932 daAuts
     D:2: 869 daAuts
     D:1: 715 daAuts
     D:3: 707 daAuts
